 Dungeon Crawl Stone Soup version 0.28-a0-973-ga7f8b01127 (webtiles) character file.

Game seed: 8535987178933978587

625 cheechan the Covert (level 7, -5/47 HPs)
             Began as an Octopode Delver on Dec 1, 2021.
             Slain by a two-headed ogre (13 damage)
             ... on level 7 of the Dungeon.
             The game lasted 00:12:37 (3327 turns).

cheechan the Covert (Octopode Delver)               Turns: 3327, Time: 00:12:37

Health: -5/47      AC:  1    Str: 13    XL:     7   Next: 47%
Magic:  7/7        EV: 14    Int: 13    God:
Gold:   95         SH:  0    Dex: 13    Spells: 6/6 levels left

rFire   . . .      SeeInvis .   i - +1 dagger (elec)
rCold   . . .      Faith    .   (no shield)
rNeg    . . .      Spirit   .   (helmet restricted)
rPois   .          Reflect  .   (no amulet)
rElec   .          Harm     .   (no ring)
rCorr   .          Rampage  .   (no ring)
Will    .....                   (no ring)
Stlth   ++++++....              (no ring)
HPRegen 0.15/turn               (no ring)
MPRegen 0.10/turn               (no ring)
                                (no ring)
                                (no ring)

@: no status effects
A: almost no armour, amphibious, 8 rings, camouflage 1, gelatinous body 1,
(nimble swimmer 1), tentacles
a: no special abilities


You were on level 7 of the Dungeon.
You visited 1 branch of the dungeon, and saw 6 of its levels.

You collected 95 gold pieces.

Inventory:

Hand Weapons
 d - a +0 dagger of venom
 i - a +1 dagger of electrocution (weapon)
Missiles
 g - 78 sling bullets
 h - 45 bolts
 j - 24 arrows
 m - 10 poisoned darts (quivered)
Magical Staves
 l - a staff of death
Wands
 f - a wand of digging (3)
Scrolls
 b - 2 scrolls of fog
 c - a scroll of magic mapping
Potions
 e - 3 potions of haste
 k - 2 potions of curing
 n - a potion of might {unknown}


   Skills:
 + Level 3.8 Fighting
 + Level 2.4 Short Blades
 + Level 2.7 Polearms
 + Level 0.4 Throwing
 + Level 3.3 Dodging
 + Level 10.8 Stealth


You had 6 spell levels left.
You didn't know any spells.
Your spell library was empty.

Dungeon Overview and Level Annotations

Branches:
Dungeon (5/15)
 Temple: D:4-7

Altars:
Elyvilon
Sif Muna
Zin
The Shining One


Innate Abilities, Weirdness & Mutations

You cannot wear most types of armour.
You are amphibious.
You can wear up to eight rings at the same time.
Your skin changes colour to match your surroundings (Stealth+).
Your rubbery body absorbs attacks. (AC +1, EV +1)
((You are camouflaged near water. (Stealth+)))
You have tentacles for arms and can constrict up to eight enemies at once.


Message History

The orc is moderately wounded.
You constrict the orc. You hit the orc.
The orc is almost dead.
You constrict the orc.
You kill the orc!
An ice beast comes into view.
Throw: 14 darts (poison)
Press: ? - help, Q - select action Shift-Dir - straight line, f - two-headed ogre
Aim: a two-headed ogre, wielding two +0 giant spiked clubs (73% to hit)
You throw a poisoned dart.
The poisoned dart barely misses the two-headed ogre.
Unknown command.
Throw: 13 darts (poison)
Press: ? - help, Q - select action Shift-Dir - straight line, f/p - two-headed ogre
Aim: a two-headed ogre, wielding two +0 giant spiked clubs (73% to hit)
You throw a poisoned dart.
The poisoned dart hits the two-headed ogre.
Unknown command.
Throw: 12 darts (poison)
Press: ? - help, Q - select action Shift-Dir - straight line, f/p - two-headed ogre
Aim: a two-headed ogre, wielding two +0 giant spiked clubs (73% to hit)
You throw a poisoned dart.
The poisoned dart barely misses the two-headed ogre.
Unknown command.
The two-headed ogre completely misses you.
The two-headed ogre hits you with a +0 giant spiked club!
You see here a +0 plate armour.
Throw: 11 darts (poison)
Press: ? - help, Q - select action Shift-Dir - straight line, f/p - two-headed ogre
Aim: a two-headed ogre, wielding two +0 giant spiked clubs (73% to hit)
You throw a poisoned dart.
The poisoned dart completely misses the two-headed ogre.
Unknown command.
You hit the two-headed ogre. You squeeze the two-headed ogre.
The two-headed ogre is lightly wounded.
The two-headed ogre hits you with a +0 giant spiked club!
* * * LOW HITPOINT WARNING * * *
The two-headed ogre hits you with a +0 giant spiked club!
You die...

##..... #...#.# .....#
#.....# .....# #...###
.....# #..#.## .....##
#.....#
......############.....#
.................#..#.##
#.##.###########.#.....#
###### #@#....##
#O#.#..## #.#Y....#
#Y#O....# #.#.#####
#(..# #####


You could see a two-headed ogre and an ice beast.

Vanquished Creatures
  A water moccasin (D:3)
  A necrophage (D:7)
  A black bear (D:7)
  An ogre (D:3)
  An orc priest (D:4)
  A bullfrog skeleton (D:4)
  2 orc wizards
  3 gnolls (D:3)
  5 adders
  6 dart slugs
  7 orcs
  3 endoplasms (D:1)
  6 giant cockroaches
  5 goblins
  4 hobgoblins
  A jackal (D:1)
  3 quokkas
  4 ball pythons
  5 bats
  3 frilled lizards
  5 kobolds
  A rat (D:1)
69 creatures vanquished.

Vanquished Creatures (others)
  A fungus (D:1)
  A plant (D:1)
2 creatures vanquished.

Grand Total: 71 creatures vanquished

Notes
Turn   | Place    | Note
-------+----------+-------------------------------------------
     0 | D:5      | cheechan the Octopode Delver began the quest for the Orb.
     0 | D:5      | Reached XP level 1. HP: 16/16 MP: 1/1
   111 | D:4      | Found a shimmering blue altar of Sif Muna.
   135 | D:4      | Reached skill level 7 in Stealth
   135 | D:4      | Reached XP level 2. HP: 12/21 MP: 2/2
   195 | D:4      | Reached XP level 3. HP: 16/26 MP: 3/3
   198 | D:4      | Reached XP level 4. HP: 18/31 MP: 4/4
   225 | D:4      | Reached skill level 8 in Stealth
   715 | D:2      | Reached XP level 5. HP: 36/36 MP: 5/5
  1198 | D:1      | Found a faded altar of an unknown god.
  2180 | D:3      | Noticed an ogre
  2187 | D:3      | Killed an ogre
  2188 | D:3      | Reached skill level 1 in Short Blades
  2188 | D:3      | Reached skill level 9 in Stealth
  2188 | D:3      | Reached XP level 6. HP: 42/42 MP: 6/6
  2203 | D:3      | Noticed a water moccasin
  2279 | D:3      | Found a glowing silver altar of Zin.
  2279 | D:3      | Found a white marble altar of Elyvilon.
  2279 | D:3      | Found a glowing golden altar of the Shining One.
  2562 | D:3      | Killed a water moccasin
  2563 | D:3      | Reached skill level 10 in Stealth
  2572 | D:3      | Reached XP level 7. HP: 22/46 MP: 7/7
  3086 | D:4      | You fall into a shaft and drop 3 floors!
  3086 | D:7      | Noticed a two-headed ogre
  3327 | D:7      | Slain by a two-headed ogre

Illustrated notes

Levels and vault maps discovered:
D:1:      shiori_arrival_maze, layout_loops_ring,
          shapermc_ecumenical_altar_petra, st_stairs_4
D:2:      layout_basic, kennysheep_generic_room_13, uniq_terence, uniq_robin
D:3:      layout_loops_ring, good_gods_temple_1, st_stairs_7, moated_statue
D:4:      layout_basic, nicolae_uskayaw_en_pointe,
          nicolae_sif_muna_condensation, temple_hall, gup_sewer_entry_spiral
D:5:      layout_cave_pods, serial_shops, shop_statue, minmay_misc_feat_roman
D:7:      layout_cave_pools, slow_altar_2, minmay_misc_feat_rugged

Skill      XL: |  1  2  3  4  5  6  7 |
---------------+----------------------+-----
Stealth        | 7 8 9 10 | 10.8
Short Blades   | 1 2 |  2.4
Dodging        | 3 |  3.3
Fighting       | |  3.8
Polearms       | |  2.7
Throwing       | |  0.4

Action                   |  1- 3 |  4- 6 |  7- 9 || total
-------------------------+-------+-------+-------++-------
Melee: Dagger            |    12 |   107 |    22 ||   141
       Spear             |     4 |       |       ||     4
       Constrict         |     4 |    25 |     4 ||    33
       Tentacles         |       |    22 |     3 ||    25
Throw: Dart              |       |     1 |     4 ||     5
  Use: Scroll            |       |     4 |       ||     4
       Potion            |       |     1 |       ||     1
 Stab: Sleeping          |     3 |    23 |       ||    26
       Distracted        |     1 |       |       ||     1
Armor: Skin              |       |     6 |     1 ||     7
Dodge: Dodged            |     7 |    55 |    13 ||    75

Table legend: (Time is in decaauts)
 A = Elapsed time spent in this place.
 B = Non-inter-level travel time spent in this place.
 C = Inter-level travel time spent in this place.
 D = Time resting spent in this place.
 E = Time spent auto-exploring this place.
 F = Levels seen in this place.
 G = Mean time per level.
                   A        B        C        D        E       F      G
               +--------+--------+--------+--------+--------+-----+--------+
         Total |   3321 |   3321 |      0 |    769 |      0 |   6 |  553.5 |
       Dungeon |   3321 |   3321 |      0 |    769 |      0 |   6 |  553.5 |
               +--------+--------+--------+--------+--------+-----+--------+

Top non-repeatable levels by time:
     D:3: 1374 daAuts
     D:1: 880 daAuts
     D:4: 442 daAuts
     D:2: 377 daAuts
     D:7: 238 daAuts
     D:5: 8 daAuts
